AoeStats
← GermanWolf7

MegaRandom

510149256Analyzed
4v4 RM · 2d ago on Sep 29, 2026· 47m 59s· 8 players
Game mode
Random Map
Map size
Large (8 player)
Population
200
Speed
Normal
Resources
Standard
Victory
Conquest
Starting age
Dark Age
Ending age
Imperial Age
RankedLock teamsTeams togetherTeam positionsShared explorationLock speedFull tech treeHidden civsTurbo modeCheats
Victory
Defeat
🇹🇼 Gurjaras · Taiwan
1085
+14
🇩🇪 Poles · Germany
1083
+14
🇩🇪 Sicilians · Germany
1064
+15
🇹🇷 Italians · Türkiye
966
+19
🇺🇸 Danes · United States
1066
-17
🇧🇴 Celts · Bolivia
1045
-16
🇨🇴 Vietnamese · Colombia
1023
-15
🇩🇪 Romans · Germany
1003
-14
GermanWolf7
0:51 Loom
13:30 Feudal Age
15:25 Double-Bit Axe
20:27 Castle Age
21:27 Wheelbarrow
22:16 Bow Saw
31:34 Imperial Age
31:27 Hand Cart
33:48 Bow Saw
34:39 Conscription
33:50 Sappers
34:27 Ballistas
33:59 Heavy Scorpion
37:51 Squires
38:56 Chemistry
38:11 Forging
38:06 Scale Barding Armor
37:52 Fletching
38:04 Scale Mail Armor
39:00 Man-at-Arms
39:04 Pikeman
40:18 Caravan
41:05 Iron Casting
40:51 Chain Barding Armor
40:39 Long Swordsman
thelight00001
12:29 Feudal Age
16:24 Castle Age
14:48 Double-Bit Axe
15:20 Horse Collar
16:37 Loom
20:57 Scale Mail Armor
21:08 Forging
28:01 Bow Saw
30:29 Squires
30:16 Arson
40:38 Imperial Age
38:44 Wheelbarrow
37:54 Town Watch
41:05 Gold Mining
41:08 Stone Mining
42:42 Heavy Plow
43:20 Stone Shaft Mining
44:06 Elite Jomsviking
Grimuka
2:42 Loom
13:53 Feudal Age
14:20 Double-Bit Axe
14:20 Horse Collar
14:22 Fishing Lines
16:12 Fletching
22:41 Castle Age
22:52 Padded Archer Armor
22:58 Scale Barding Armor
23:06 Forging
22:58 Scale Mail Armor
23:36 Bodkin Arrow
23:59 Medium Warships
23:39 Gillnets
25:23 Thumb Ring
25:34 Gold Mining
26:41 Bow Saw
26:33 Heavy Plow
26:33 Crossbowman
28:56 Murder Holes
35:32 Imperial Age
34:22 Squires
33:43 Pikeman
34:08 Arson
34:46 Ballistics
34:08 Treadmill Crane
34:47 Leather Archer Armor
36:49 Wheelbarrow
36:51 Ring Archer Armor
37:28 Hand Cart
36:46 Elite Skirmisher
39:28 Chemistry
38:23 Town Watch
39:24 Hoardings
39:50 Bracer
39:46 Elite Rattan Archer
42:38 Two-Man Saw
41:26 Imperial Skirmisher
41:28 Arbalester
44:38 Coinage
44:26 Siege Engineers
44:33 Masonry
Joner
0:42 Loom
14:06 Feudal Age
15:11 Double-Bit Axe
16:46 Fishing Lines
20:01 Horse Collar
22:45 Castle Age
21:23 Fletching
24:14 Wheelbarrow
24:44 Pikeman
25:39 Bow Saw
26:10 Arson
26:21 Gillnets
26:54 Medium Warships
27:03 Town Watch
27:36 Hand Cart
28:12 Heavy Plow
28:44 Town Patrol
28:39 Gambesons
29:07 Forging
30:16 Demolition Ship
31:05 Padded Archer Armor
31:07 Stronghold
31:15 Stone Mining
31:18 Gold Mining
35:00 Gold Shaft Mining
39:21 Imperial Age
37:02 Scale Mail Armor
37:38 Iron Casting
36:59 Bodkin Arrow
37:20 Leather Archer Armor
41:16 Furor Celtica
42:30 Chemistry
44:11 Heavy Warships
44:10 Ballistics
44:31 Halberdier
46:36 Ring Archer Armor
46:23 Masonry
45:56 Capped Ram
Heftilus
13:14 Feudal Age
17:53 Castle Age
16:01 Double-Bit Axe
16:00 Fishing Lines
16:22 Horse Collar
16:37 Stone Mining
18:56 Bow Saw
22:45 Loom
24:25 Heavy Plow
25:06 Stone Shaft Mining
29:31 Gold Mining
30:04 Gillnets
31:11 Gold Shaft Mining
33:15 Fletching
34:01 Bodkin Arrow
36:45 Imperial Age
34:52 Wheelbarrow
34:40 First Crusade
34:55 Ballistics
34:38 Squires
34:23 Arson
34:53 Forging
35:23 Scale Mail Armor
35:24 Pikeman
36:36 Hand Cart
36:07 Town Watch
37:02 Iron Casting
36:44 Chain Mail Armor
36:58 Elite Serjeant
38:41 Chemistry
38:14 Plate Mail Armor
38:01 Bracer
39:27 Conscription
39:05 Murder Holes
38:56 Arrowslits
40:16 Blast Furnace
40:32 Hoardings
42:10 Halberdier
44:40 Town Patrol
44:57 Siege Engineers
47:00 Masonry
46:42 Heated Shot
47:02 Padded Archer Armor
47:10 Scale Barding Armor
47:12 Hauberk
47:47 Crop Rotation
47:06 Gambesons
Lasse07027776
0:52 Loom
11:52 Feudal Age
18:08 Castle Age
17:23 Horse Collar
17:40 Double-Bit Axe
25:09 Bloodlines
26:48 Ballistics
26:09 Treadmill Crane
30:35 Guard Tower
34:03 Imperial Age
33:11 Murder Holes
35:03 Heavy Plow
37:49 Chemistry
38:31 Wheelbarrow
42:09 Cavalier
42:49 Husbandry
42:47 Pikeman
43:50 Conscription
42:52 Capped Ram
43:22 Town Watch
45:52 Hand Cart
45:50 Forging
45:46 Scale Barding Armor
45:32 Fletching
45:58 Scale Mail Armor
45:52 Light Cavalry
47:44 Crop Rotation
47:17 Padded Archer Armor
47:30 Masonry
48:10 Szlachta Privileges
48:33 Lechitic Legacy
marshonginn
0:38 Loom
11:53 Feudal Age
14:45 Double-Bit Axe
19:40 Castle Age
17:57 Fishing Lines
18:58 Horse Collar
20:23 Town Watch
20:55 Bow Saw
24:05 Fervor
31:58 Imperial Age
29:46 Gold Mining
30:38 Wheelbarrow
31:42 Kshatriyas
32:10 Hand Cart
34:28 Conscription
38:55 Forging
38:47 Scale Mail Armor
39:14 Elite Chakram Thrower
40:18 Bloodlines
40:35 Husbandry
42:47 Elite Shrivamsha Rider
45:18 Gillnets
48:06 Heavy Plow
sehremini
0:46 Loom
13:32 Feudal Age
15:42 Wheelbarrow
15:36 Stone Mining
18:21 Castle Age
16:29 Gold Mining
16:36 Double-Bit Axe
16:52 Fletching
17:02 Fishing Lines
17:53 Padded Archer Armor
19:03 Town Watch
20:24 Bow Saw
20:26 Gillnets
25:53 Bodkin Arrow
26:02 Man-at-Arms
29:47 Long Swordsman
34:07 Imperial Age
31:57 Hand Cart
32:46 Leather Archer Armor
32:14 Crossbowman
34:33 Ballistics
34:38 Elite Genoese Crossbowman
35:54 Arbalester
37:39 Chemistry
36:35 Arson
38:09 Two-Man Saw
38:02 Ring Archer Armor
37:17 Two-Handed Swordsman
38:13 Thumb Ring
38:12 Champion
40:24 Bracer
40:35 Forging
40:27 Scale Mail Armor
40:41 Onager
Connection lost

Rejoining the realm…

Still unreachable

The connection could not be restored.

Session expired

The server has moved on; the page needs a fresh start.